NYP
LOWELL SPINNERS @ VERMONT LAKE MONSTERS
09/25/2048
 
TOP OF THE 1ST
Lowell Spinners batting - Pitching for Vermont Lake Monsters : RHP Igoryok Wolgaevsky
Pitching: RHP Igoryok Wolgaevsky
Batting: RHB Aukukero Tairi 0-0: Ball
1-0: Foul Ball, location: 2F
1-1: Ball
2-1: Ball
3-1: Foul Ball, location: 2F
3-2: Base on Balls
Batting: RHB Matt Parker 0-0: Ball
Aukukero Tairi steals 2nd base (no throw)
1-0: Foul Ball, location: 2F
1-1: Foul Ball, location: 2F
1-2: Strikes out swinging
Batting: SHB Salvador Padilla 0-0: Called Strike
0-1: Swinging Strike
0-2: Strikes out looking
Batting: RHB Tony Gallegos 0-0: Called Strike
0-1: Swinging Strike
0-2: Foul Ball, location: 2F
0-2: DOUBLE (Flyball, 8LXD, EV 93.8 MPH)
Aukukero Tairi scores
Batting: RHB Raul Sanchez 0-0: Ball
1-0: Called Strike
1-1: Ball
2-1: Fly out, F6 (Line Drive, 6M, EV 69.4 MPH)
Top of the 1st over - 1 run, 1 hit, 0 errors, 1 left on base; Lowell 1 - Vermont 0
BOTTOM OF THE 1ST
Vermont Lake Monsters batting - Pitching for Lowell Spinners : RHP Ryuhei Shimabukuro
Pitching: RHP Ryuhei Shimabukuro
Batting: RHB Josh Mauer 0-0: Called Strike
0-1: Ball
1-1: Ball
2-1: Ball
3-1: Called Strike
3-2: Foul Ball, location: 2F
3-2: Foul Ball, location: 2F
3-2: Foul Ball, location: 2F
3-2: Base on Balls
Batting: RHB Walt Alaniz 0-0: Foul Ball, location: 2F
0-1: Called Strike
0-2: Strikes out swinging
Batting: RHB Zachary Anderson 0-0: Fielders Choice at 2nd, 5-4 (Groundball, 56, EV 82.5 MPH)
Batting: LHB Brian Puccio 0-0: Ball
1-0: Called Strike
1-1: Ball
2-1: Fielders Choice at 2nd, U6 (Groundball, 4MD, EV 84.4 MPH)
Bottom of the 1st over - 0 runs, 0 hits, 0 errors, 1 left on base; Lowell 1 - Vermont 0
TOP OF THE 2ND
Lowell Spinners batting - Pitching for Vermont Lake Monsters : RHP Igoryok Wolgaevsky
Batting: RHB Mario Arriero 0-0: Called Strike
0-1: Swinging Strike
0-2: Strikes out swinging
Pitching: RHP John Harrell
Batting: LHB Robert Gonzalez 0-0: Swinging Strike
0-1: Ball
1-1: Foul Ball, location: 2F
1-2: Strikes out looking
Batting: RHB Willie Camacho 0-0: Swinging Strike
0-1: Swinging Strike
0-2: Ball
1-2: Ball
2-2: Foul Ball, location: 2F
2-2: Fly out, F9 (Line Drive, 89S, EV 86.9 MPH)
Top of the 2nd over - 0 runs, 0 hits, 0 errors, 0 left on base; Lowell 1 - Vermont 0
BOTTOM OF THE 2ND
Vermont Lake Monsters batting - Pitching for Lowell Spinners : RHP Ryuhei Shimabukuro
Batting: RHB Chris Temple 0-0: DOUBLE (Groundball, 5L, EV 103.1 MPH)
Batting: RHB Jon Coleman 0-0: Ball
1-0: Foul Ball, location: 2F
1-1: Foul Ball, location: 2F
1-2: Strikes out swinging
Batting: RHB Amare Brown 0-0: Foul Ball, location: 2F
0-1: Foul Ball, location: 2F
0-2: Fly out, F7 (Flyball, 7LM, EV 96.9 MPH)
Batting: SHB Steve Salafia 0-0: Ball
1-0: Ball
2-0: Ball
3-0: Called Strike
3-1: Base on Balls
Batting: SHB Matt Sybrant 0-0: Ball
Wild Pitch!
Chris Temple to third
Steve Salafia to second
1-0: Ball
2-0: Ball
3-0: Called Strike
3-1: Foul Ball, location: 2F
3-2: Foul Ball, location: 2F
3-2: Strikes out swinging
Bottom of the 2nd over - 0 runs, 1 hit, 0 errors, 2 left on base; Lowell 1 - Vermont 0
TOP OF THE 3RD
Lowell Spinners batting - Pitching for Vermont Lake Monsters : RHP John Harrell
Batting: RHB Rogelio Cervantes 0-0: Called Strike
0-1: Called Strike
0-2: Ball
1-2: Strikes out swinging
Batting: RHB Aukukero Tairi 0-0: Ball
1-0: Ball
2-0: Swinging Strike
2-1: Called Strike
2-2: Strikes out swinging
Batting: RHB Matt Parker 0-0: Called Strike
0-1: Foul Ball, location: 2F
0-2: SINGLE (Groundball, 6D, EV 98.8 MPH)
Batting: SHB Salvador Padilla 0-0: Ball
Matt Parker is caught stealing 2nd base 2-6
Top of the 3rd over - 0 runs, 1 hit, 0 errors, 0 left on base; Lowell 1 - Vermont 0
BOTTOM OF THE 3RD
Vermont Lake Monsters batting - Pitching for Lowell Spinners : RHP Ryuhei Shimabukuro
Batting: RHB Josh Mauer 0-0: Ground out 5-3 (Groundball, 56S, EV 82.5 MPH)
Batting: RHB Walt Alaniz 0-0: Ball
1-0: Ball
2-0: SINGLE (Groundball, 6MD, EV 105.6 MPH)
Batting: RHB Zachary Anderson 0-0: Fielders Choice at 2nd, 6-4 (Groundball, 6, EV 100.0 MPH)
Batting: LHB Brian Puccio 0-0: Called Strike
Zachary Anderson steals 2nd base
0-1: Ball
1-1: Called Strike
1-2: Strikes out swinging
Bottom of the 3rd over - 0 runs, 1 hit, 0 errors, 1 left on base; Lowell 1 - Vermont 0
TOP OF THE 4TH
Lowell Spinners batting - Pitching for Vermont Lake Monsters : RHP John Harrell
Batting: SHB Salvador Padilla 0-0: Foul Ball, location: 2F
0-1: Foul Ball, location: 2F
0-2: Ball
1-2: Foul Ball, location: 2F
1-2: Ball
2-2: Foul Ball, location: 2F
2-2: Foul Ball, location: 2F
2-2: Ground out 5-3 (Groundball, 5L, EV 91.2 MPH)
Batting: RHB Tony Gallegos 0-0: Ball
1-0: Swinging Strike
1-1: Fly out, F9 (Flyball, 89M, EV 87.5 MPH)
Batting: RHB Raul Sanchez 0-0: Ball
1-0: Ball
2-0: Foul Ball, location: 2F
2-1: Ball
3-1: SINGLE (Line Drive, 56, EV 105.6 MPH)
Batting: RHB Mario Arriero 0-0: Fly out, F9 (Flyball, 89S, EV 76.2 MPH)
Top of the 4th over - 0 runs, 1 hit, 0 errors, 1 left on base; Lowell 1 - Vermont 0
BOTTOM OF THE 4TH
Vermont Lake Monsters batting - Pitching for Lowell Spinners : RHP Ryuhei Shimabukuro
Batting: RHB Chris Temple 0-0: Called Strike
0-1: Called Strike
0-2: Strikes out swinging
Batting: RHB Jon Coleman 0-0: Foul Ball, location: 2F
0-1: Called Strike
0-2: Ball
1-2: Ball
2-2: Ball
3-2: Base on Balls
Batting: RHB Amare Brown 0-0: Swinging Strike
0-1: Ball
1-1: Foul Ball, location: 2F
1-2: Ground out 5-3 (Groundball, 56S, EV 67.5 MPH)
Jon Coleman to second
Batting: SHB Steve Salafia 0-0: Ball
1-0: Ground out 5-3 (Groundball, 56, EV 86.2 MPH)
Bottom of the 4th over - 0 runs, 0 hits, 0 errors, 1 left on base; Lowell 1 - Vermont 0
TOP OF THE 5TH
Lowell Spinners batting - Pitching for Vermont Lake Monsters : RHP John Harrell
Batting: LHB Robert Gonzalez 0-0: Ball
1-0: Swinging Strike
1-1: Swinging Strike
1-2: Ball
2-2: Strikes out swinging
Batting: RHB Willie Camacho 0-0: Called Strike
0-1: Ball
1-1: Called Strike
1-2: Ball
2-2: Ball
3-2: Foul Ball, location: 2F
3-2: Base on Balls
Pitching: RHP Luis Stuit
Batting: RHB Rogelio Cervantes 0-0: Ball
1-0: Called Strike
1-1: Foul Ball, location: 2F
1-2: Fly out, F4 (Line Drive, 4, EV 65.6 MPH)
Batting: RHB Aukukero Tairi 0-0: Ball
1-0: Foul Ball, location: 2F
1-1: Ball
2-1: Foul Ball, location: 2F
2-2: Ball
3-2: Fly out, F7 (Flyball, 7LS, EV 78.8 MPH)
Top of the 5th over - 0 runs, 0 hits, 0 errors, 1 left on base; Lowell 1 - Vermont 0
BOTTOM OF THE 5TH
Vermont Lake Monsters batting - Pitching for Lowell Spinners : RHP Ryuhei Shimabukuro
Batting: SHB Matt Sybrant 0-0: Called Strike
0-1: Swinging Strike
0-2: Ball
1-2: Ball
2-2: Foul Ball, location: 2F
2-2: Strikes out looking
Batting: RHB Josh Mauer 0-0: Ball
1-0: Ball
2-0: Called Strike
2-1: Ball
3-1: Called Strike
3-2: Strikes out swinging
Batting: RHB Walt Alaniz 0-0: Ball
1-0: Ball
2-0: Ball
3-0: Called Strike
3-1: Foul Ball, location: 2F
3-2: Foul Ball, location: 2F
3-2: Fly out, F8 (Flyball, 8LD, EV 87.5 MPH)
Bottom of the 5th over - 0 runs, 0 hits, 0 errors, 0 left on base; Lowell 1 - Vermont 0
TOP OF THE 6TH
Lowell Spinners batting - Pitching for Vermont Lake Monsters : RHP Luis Stuit
Batting: RHB Matt Parker 0-0: Foul Ball, location: 2F
0-1: Foul Ball, location: 2F
0-2: Ball
1-2: Ball
2-2: Strikes out swinging
Batting: SHB Salvador Padilla 0-0: SINGLE (Line Drive, 8RS, EV 105.0 MPH)
Batting: RHB Tony Gallegos 0-0: Called Strike
0-1: Called Strike
0-2: Ball
1-2: Ball
2-2: Strikes out swinging
Batting: RHB Raul Sanchez 0-0: Ball
1-0: Ball
2-0: Ball
3-0: Called Strike
3-1: Base on Balls
Salvador Padilla to second
Pinch Runner at 2nd Nelis Geurts:
Batting: RHB Mario Arriero 0-0: Ball
1-0: Called Strike
1-1: Foul Ball, location: 2F
1-2: SINGLE (Groundball, 4M, EV 108.1 MPH) (infield hit)
Nelis Geurts to third
Raul Sanchez to second
Batting: LHB Robert Gonzalez 0-0: Ball
1-0: Ball
2-0: Ball
3-0: Called Strike
3-1: Swinging Strike
3-2: Strikes out swinging
Top of the 6th over - 0 runs, 2 hits, 0 errors, 3 left on base; Lowell 1 - Vermont 0
BOTTOM OF THE 6TH
Vermont Lake Monsters batting - Pitching for Lowell Spinners : RHP Ryuhei Shimabukuro
Now at 1B: Guillermo Quintero
Batting: RHB Zachary Anderson 0-0: Ball
1-0: Fly out, F4 (Line Drive, 4M, EV 73.8 MPH)
Batting: LHB Brian Puccio 0-0: Called Strike
0-1: Swinging Strike
0-2: Ground out 4-3 (Groundball, 34, EV 105.6 MPH)
Batting: RHB Chris Temple 0-0: Ground out 6-3 (Groundball, 6, EV 90.6 MPH)
Bottom of the 6th over - 0 runs, 0 hits, 0 errors, 0 left on base; Lowell 1 - Vermont 0
TOP OF THE 7TH
Lowell Spinners batting - Pitching for Vermont Lake Monsters : RHP Luis Stuit
Batting: RHB Willie Camacho 0-0: Ball
1-0: SINGLE (Groundball, 56D, EV 101.2 MPH)
Pitching: RHP Zach Monlux
Batting: RHB Rogelio Cervantes 0-0: Bunted foul
0-1: Sac Bunt to 13 - play at first, batter OUT! 1-3
Willie Camacho to second
Batting: RHB Aukukero Tairi 0-0: Ball
1-0: Foul Ball, location: 2F
1-1: Hit by Pitch
Batting: RHB Matt Parker 0-0: Ball
1-0: Called Strike
1-1: Fielders Choice at 2nd, 6-4 (Groundball, 6, EV 88.1 MPH)
Willie Camacho to third
Batting: RHB Guillermo Quintero 0-0: Ball
1-0: Ball
2-0: Ball
3-0: Called Strike
3-1: SINGLE (Line Drive, 34D, EV 106.2 MPH)
Willie Camacho scores
Matt Parker to second
Batting: RHB Tony Gallegos 0-0: Ball
1-0: SINGLE (Groundball, 34S, EV 98.1 MPH)
Matt Parker to third
Guillermo Quintero to second
Runner from 3rd tries for Home, SAFE, throw by RF to home
Batting: RHB Raul Sanchez 0-0: Called Strike
0-1: Foul Ball, location: 2F
0-2: Ball
1-2: Fly out, F3 (Popup, 3F, EV 66.9 MPH)
Top of the 7th over - 2 runs, 3 hits, 0 errors, 2 left on base; Lowell 3 - Vermont 0
BOTTOM OF THE 7TH
Vermont Lake Monsters batting - Pitching for Lowell Spinners : RHP Ryuhei Shimabukuro
Pitching: RHP Mike Robertson
Batting: RHB Jon Coleman 0-0: Foul Ball, location: 2F
0-1: Ball
1-1: Foul Ball, location: 2F
1-2: Ball
2-2: Ball
3-2: Foul Ball, location: 2F
3-2: Strikes out looking
Batting: RHB Amare Brown 0-0: Ball
1-0: SINGLE (Groundball, 56D, EV 104.4 MPH)
Batting: SHB Steve Salafia 0-0: Ball
1-0: Ball
2-0: Called Strike
2-1: Ball
3-1: Foul Ball, location: 2F
3-2: Base on Balls
Amare Brown to second
Batting: SHB Matt Sybrant 0-0: Ball
1-0: Ball
2-0: Foul Ball, location: 2F
2-1: Ball
3-1: Fly out, F4 (Popup, 4, EV 60.6 MPH)
Batting: RHB Josh Mauer 0-0: Ball
1-0: Called Strike
1-1: Ball
2-1: Ball
3-1: Foul Ball, location: 2F
3-2: Fly out, F8 (Flyball, 8LS, EV 88.8 MPH)
Bottom of the 7th over - 0 runs, 1 hit, 0 errors, 2 left on base; Lowell 3 - Vermont 0
TOP OF THE 8TH
Lowell Spinners batting - Pitching for Vermont Lake Monsters : RHP Zach Monlux
Batting: RHB Mario Arriero 0-0: Called Strike
0-1: Ball
1-1: Ball
2-1: Foul Ball, location: 2F
2-2: Ball
3-2: Strikes out looking
Batting: LHB Robert Gonzalez 0-0: Ball
1-0: Foul Ball, location: 2F
1-1: Ground out U3 (Groundball, 3, EV 83.1 MPH)
Batting: RHB Willie Camacho 0-0: Called Strike
0-1: Ball
1-1: Foul Ball, location: 2F
1-2: Ground out 1-3 (Groundball, P, EV 68.8 MPH)
Top of the 8th over - 0 runs, 0 hits, 0 errors, 0 left on base; Lowell 3 - Vermont 0
BOTTOM OF THE 8TH
Vermont Lake Monsters batting - Pitching for Lowell Spinners : RHP Mike Robertson
Batting: RHB Walt Alaniz 0-0: Ground out 4-3 (Groundball, 34, EV 86.2 MPH)
Batting: RHB Zachary Anderson 0-0: Ball
1-0: Ball
2-0: Ball
3-0: Called Strike
3-1: Base on Balls
Batting: LHB Brian Puccio
Pitching: LHP Roald van Erkel
Pinch Hitting: RHB Jason Dove 0-0: Called Strike
0-1: Foul Ball, location: 2F
0-2: Ball
1-2: Foul Ball, location: 2F
1-2: Strikes out looking
Pitching: LHP Jose Andujar
Batting: RHB Chris Temple 0-0: Called Strike
0-1: Ground out 4-3 (Groundball, 34, EV 102.5 MPH)
Bottom of the 8th over - 0 runs, 0 hits, 0 errors, 1 left on base; Lowell 3 - Vermont 0
TOP OF THE 9TH
Lowell Spinners batting - Pitching for Vermont Lake Monsters : RHP Zach Monlux
Pitching: RHP Terry Evans
Now at 1B: Jason Dove
Batting: RHB Rogelio Cervantes 0-0: Called Strike
0-1: Called Strike
0-2: Foul Ball, location: 2F
0-2: Ball
1-2: SINGLE (Groundball, 6MD, EV 105.0 MPH)
Batting: RHB Aukukero Tairi 0-0: Ball
Rogelio Cervantes steals 2nd base
1-0: Called Strike
1-1: Foul Ball, location: 2F
1-2: Strikes out swinging
Batting: RHB Matt Parker 0-0: Called Strike
0-1: Ball
1-1: Ball
2-1: SINGLE (Groundball, 4M, EV 102.5 MPH) (infield hit)
Rogelio Cervantes to third
Batting: RHB Guillermo Quintero 0-0: Ball
1-0: Called Strike
1-1: Ball
2-1: Fielders Choice at 2nd, 5-4 (Groundball, 56, EV 81.2 MPH)
Rogelio Cervantes scores
Batting: RHB Tony Gallegos 0-0: Called Strike
0-1: Called Strike
0-2: Strikes out swinging
Top of the 9th over - 1 run, 2 hits, 0 errors, 1 left on base; Lowell 4 - Vermont 0
BOTTOM OF THE 9TH
Vermont Lake Monsters batting - Pitching for Lowell Spinners : LHP Jose Andujar
Pitching: RHP Danny Marquez
Batting: RHB Jon Coleman 0-0: Ball
1-0: Fly out, F8 (Flyball, 8LM, EV 93.1 MPH)
Batting: RHB Amare Brown 0-0: Foul Ball, location: 2F
0-1: Ball
1-1: Ball
2-1: Foul Ball, location: 2F
2-2: Foul Ball, location: 2F
2-2: Strikes out swinging
Batting: SHB Steve Salafia 0-0: Called Strike
0-1: Ball
1-1: Ball
2-1: Called Strike
2-2: Ground out U3 (Groundball, 3L, EV 92.5 MPH)
Bottom of the 9th over - 0 runs, 0 hits, 0 errors, 0 left on base; Lowell 4 - Vermont 0
Tuesday, March 28th , 2023 - OOTP Baseball 23.10 Build 110